 Dungeon Crawl Stone Soup version 0.24.0-125-gc4c63601f3 (webtiles) character file.

Game seed: 12003831527273161543, levelgen mode: deterministic

5439 DavidChitty2 the Destroyer (level 10, 0/88 HPs)
             Began as a White Draconian Conjurer on Feb 20, 2020.
             Was a Follower of Vehumet.
             Slain by a two-headed ogre
             ... wielding a +0 giant club
              (20 damage)
             ... on level 9 of the Dungeon.
             The game lasted 00:26:50 (14336 turns).

DavidChitty2 the Destroyer (DrCj)                  Turns: 14336, Time: 00:26:50

Health: 0/88       AC: 14    Str: 10    XL:     10   Next: 41%
Magic:  23/35      EV: 12    Int: 19    God:    Vehumet [*.....]
Gold:   340        SH:  6    Dex: 12    Spells: 16/23 levels left

rFire    . . .     SeeInvis .   w - staff of power {!a}
rCold    + . .     Gourm    .   k - +1 buckler
rNeg     . . .     Faith    .   (armour unavailable)
rPois    .         Spirit   .   (helmet restricted)
rElec    .         Reflect  .   j - +2 cloak
rCorr    .         Harm     .   I - +2 pair of gloves
MR       .....                  t - +0 pair of boots
Stlth    ++........             (no amulet)
HPRegen  0.24/turn              (no ring)
MPRegen  0.24/turn              (no ring)

@: short of breath
A: breathe frost, unfitting armour, cold resistance 1, cold-blooded, AC +7
a: Breathe Frost, Renounce Religion


You were on level 9 of the Dungeon.
You worshipped Vehumet.
Vehumet was aware of your devotion.
You were not hungry.

You visited 2 branches of the dungeon, and saw 10 of its levels.
You also visited: Sewer.

You collected 412 gold pieces.
You spent 72 gold pieces at shops.

Inventory:

Hand Weapons
 a - a +1 hunting sling
   (You took it off a goblin on level 2 of the Dungeon)
 b - a +2 short sword of draining
   (You took it off an orc warrior on level 7 of the Dungeon)
 E - a cursed +4 scimitar
   (You took it off a wight on level 7 of the Dungeon)
Missiles
 g - 311 stones (quivered)
 i - 96 sling bullets
 s - 18 poisoned darts
 D - a throwing net {!f}
Armour
 j - a +2 cloak (worn)
   (You took it off Crazy Yiuf on level 2 of the Dungeon)
 k - a +1 buckler (worn)
   (You found it on level 5 of the Dungeon)
 t - a +0 pair of boots (worn)
   (You found it on level 5 of the Dungeon)
 I - a +2 pair of gloves (worn)
   (You found it on level 8 of the Dungeon)
Magical Staves
 n - an uncursed staff of wizardry {!a}
   (You found it on level 5 of the Dungeon)
 w - an uncursed staff of power (weapon) {!a}
   (You found it on level 5 of the Dungeon)
Wands
 c - a wand of disintegration (12)
   (You found it on level 3 of the Dungeon)
 d - a wand of iceblast (4)
   (You found it on level 6 of the Dungeon)
 v - a wand of digging (2)
   (You found it on level 5 of the Dungeon)
Scrolls
 f - 4 scrolls of remove curse {@r2}
 m - 4 scrolls of teleportation {@r4}
 y - a scroll of immolation {!r}
 z - 5 scrolls of blinking
 A - a scroll of magic mapping
 C - a scroll of fog
 G - a scroll of enchant armour
Potions
 l - a potion of resistance
 o - 2 potions of flight {unknown}
 p - 2 potions of curing {@q1}
 q - 2 potions of brilliance {unknown}
 r - a potion of magic {unknown}
 u - a potion of might {unknown}
 x - a potion of haste {unknown}
 B - a potion of mutation {unknown}
 F - a potion of heal wounds {@q2}
Comestibles
 e - 18 rations {!d}


   Skills:
 + Level 8.0 Fighting
 - Level 1.7 Dodging
 - Level 1.7 Stealth
 - Level 4.0 Shields
 + Level 7.2 Spellcasting
 * Level 11.3 Conjurations


You had 16 spell levels left.
You knew the following spells:

 Your Spells              Type           Power        Failure   Level  Hunger
a - Magic Dart            Conj           ####         1%          1    None
s - Searing Ray           Conj           #####.       1%          2    None
x - Iskenderun's Mystic   Conj           #####...     1%          4    ###....

Your spell library contained the following spells:

 Spells                   Type           Power        Failure   Level  Hunger
 Sandblast                Erth           #.....       10%         1    None
 Flame Tongue             Conj/Fire      ####.        1%          1    None
 Throw Flame              Conj/Fire      ####..       1%          2    None
 Conjure Flame            Conj/Fire      ####....     3%          3    #......
 Dazzling Spray           Conj/Hex       ####..       3%          3    #......
 Force Lance              Conj/Tloc      ####....     10%         4    ###....
 Fulminant Prism          Conj/Hex       ####......   10%         4    ###....
 Sticky Flame             Conj/Fire      ####....     10%         4    ###....
 Throw Icicle             Conj/Ice       ####....     10%         4    ###....
 Fireball                 Conj/Fire      ####......   26%         5    #####..
 Inner Flame              Hex/Fire       #.......     30%         3    #......
 Bolt of Magma            Conj/Fire/Erth ###.......   52%         5    #####..


Dungeon Overview and Level Annotations

Branches:
Dungeon (9/15)             Temple (1/1) D:7            Lair (0/6) D:8
    Orc (0/2) D:9           Sewer (visited)

Altars:
Ashenzari
Cheibriados
Dithmenos
Elyvilon
Fedhas
Hepliaklqana
Kikubaaqudgha
Makhleb
Nemelex Xobeh
Okawaru
Qazlal
Ru
Sif Muna
Trog
Uskayaw
Vehumet
Wu Jian
Xom
Yredelemnul
Zin
The Shining One

Shops:
D:5 *

Annotations:
D:3 Sigmund


Innate Abilities, Weirdness & Mutations

You can breathe waves of freezing cold.
You can buffet flying creatures when you breathe cold.
Your icy white scales are hard. (AC +7)
You cannot fit into any form of body armour.
Your flesh is cold resistant. (rC+)
You are cold-blooded and may be slowed by cold attacks.


Message History

The magic dart hits the phantom.
Aim: a phantom (almost destroyed)
The magic dart hits the phantom but does no damage.
The phantom blinks!
Aim: a phantom (almost destroyed)
The magic dart hits the phantom.
Aim: a phantom (almost destroyed)
The magic dart hits the phantom.
You destroy the phantom!
Vehumet accepts your kill.
You can't see any susceptible monsters within range! (Use Z to cast anyway.)
You can't see any susceptible monsters within range! (Use Z to cast anyway.)
You can't see any susceptible monsters within range! (Use Z to cast anyway.)
You start resting.
You are feeling very hungry.
You start resting.
You start resting.
You eat one of the 19 rations {!d}.
That ration really hit the spot!
You see here a hand axe.
You see here a robe.
There is a staircase to the Orcish Mines here.
A two-headed ogre comes into view. It is wielding two +0 giant clubs.
Aim: a two-headed ogre, wielding two +0 giant clubs You exhale a wave of freezing cold.
The freezing breath hits the two-headed ogre!
You feel somewhat more hungry.
Aim: a two-headed ogre, wielding two +0 giant clubs (lightly wounded)
The searing ray misses the two-headed ogre. (Press . to maintain the ray.)
The two-headed ogre hits you with a +0 giant club! x2
The searing ray hits the two-headed ogre.
The searing ray hits the two-headed ogre!
The two-headed ogre hits you with a +0 giant club!
The two-headed ogre barely misses you.
The searing ray hits the two-headed ogre!
You finish channeling your searing ray.
The two-headed ogre hits you with a +0 giant club!
* * * LOW HITPOINT WARNING * * *
The two-headed ogre hits you with a +0 giant club.
* * * LOW HITPOINT WARNING * * *
Aim: a two-headed ogre, wielding two +0 giant clubs (severely wounded)
The orb of energy misses the two-headed ogre.
The two-headed ogre hits you with a +0 giant club!
* * * LOW HITPOINT WARNING * * *
The two-headed ogre hits you but does no damage.
Aim: a two-headed ogre, wielding two +0 giant clubs (severely wounded)
The orb of energy hits the two-headed ogre!
The orb of energy explodes!
The two-headed ogre hits you with a +0 giant club!!
You die...

#..# #.# #..# #.#
#..#########.#
########..........#.#
...^.......######.#.#
########.#.# ##.#.#
#.#.# #..<.# #O#.#
###....## ###
#@#.###.......# ..#
#.............# #.#
###.###.......# #.#
#.# ###..)###
#.#######.# #...#
#.##......# ##.##
#.##.>##### ###.#
###.##.## #...#
#......# #...#


You could see a two-headed ogre.

Vanquished Creatures
  2 centaur zombies
  A hippogriff (D:8)
  A spriggan (D:8)
  A basilisk (D:8)
  Edmund (D:6)
  A water moccasin (D:7)
  3 porcupines
  3 sky beasts
  3 slaves (D:9)
  2 black bears
  An orc warrior (D:7)
  2 phantoms
  A wolf (D:8)
  An ogre (D:8)
  4 centaurs
  4 crocodiles
  3 big kobolds (D:8)
  5 bullfrogs
  8 scorpions
  4 killer bees (D:7)
  5 wights
  4 crimson imps
  3 jellies
  2 hounds
  A gnoll shaman (D:6)
  2 bullfrog skeletons (D:5)
  A centaur skeleton (D:9)
  Crazy Yiuf (D:2)
  Jessica (D:2)
  3 iguanas
  Natasha (thrice) (D:2)
  3 orc wizards
  5 worker ants
  3 killer bee zombies
  A hound zombie (D:5)
  A howler monkey zombie (D:6)
  Robin (D:2)
  9 gnolls
  10 adders
  2 shadow imps
  An ooze (D:1)
  4 worms
  3 dart slugs
  5 leopard geckos
  11 orcs
  13 bats
  14 giant cockroaches
  16 goblins
  9 hobgoblins
  14 jackals
  2 quokkas
  6 ball pythons
  5 frilled lizards
  18 kobolds
  A leopard gecko skeleton (D:7)
  10 rats
244 creatures vanquished.

Vanquished Creatures (others)
  A fungus (D:8)
  7 plants
8 creatures vanquished.

Grand Total: 252 creatures vanquished

Notes
Turn   | Place    | Note
-------+----------+-------------------------------------------
     0 | D:1      | DavidChitty2 the Draconian Conjurer began the quest for the
                  | Orb.
     0 | D:1      | Reached XP level 1. HP: 14/14 MP: 3/3
   278 | D:1      | Reached XP level 2. HP: 22/22 MP: 0/5
   327 | D:1      | Learned a level 2 spell: Searing Ray
   474 | D:1      | Reached skill level 1 in Fighting
   718 | D:1      | Reached XP level 3. HP: 25/28 MP: 0/6
  1531 | D:2      | Reached XP level 4. HP: 30/36 MP: 2/7
  1543 | D:1      | Learned a level 4 spell: Iskenderun's Mystic Blast
  1592 | D:2      | Reached skill level 5 in Conjurations
  1769 | D:2      | Noticed Natasha
  1776 | D:2      | Killed Natasha
  2082 | D:2      | Noticed Robin
  2099 | D:2      | Killed Robin
  2225 | D:2      | Noticed Natasha
  2242 | D:2      | Reached XP level 5. HP: 33/42 MP: 4/9
  2258 | D:2      | Killed Natasha
  2641 | D:2      | Noticed Jessica
  2645 | D:2      | Killed Jessica
  2815 | D:2      | Found a runed translucent door.
  2816 | D:2      | Noticed Crazy Yiuf
  2907 | D:2      | Noticed Natasha
  3065 | D:2      | Killed Natasha
  3780 | D:2      | Killed Crazy Yiuf
  3780 | D:2      | Reached XP level 6. HP: 41/51 MP: 5/11
  3841 | D:3      | Reached skill level 6 in Conjurations
  4343 | D:3      | Found a hazy altar of Hepliaklqana.
  4432 | D:3      | You fall into a shaft and drop 3 floors!
  4438 | D:6      | Found a sparkling altar of Nemelex Xobeh.
  4514 | D:5      | Entered Level 5 of the Dungeon
  4675 | D:4      | Found a glowing drain.
  4724 | Sewer    | Entered a sewer
  5577 | D:3      | Reached skill level 1 in Shields
  5851 | D:3      | Found an ancient bone altar of Kikubaaqudgha.
  6013 | D:3      | Noticed Sigmund
  6351 | D:4      | Identified the Almanac of Flamy Conjuration
  6676 | D:5      | Your scales start taking on an icy white colour.
  6676 | D:5      | Reached XP level 7. HP: 57/57 MP: 5/12
  6676 | D:5      | Gained mutation: Your flesh is cold resistant. (rC+) [White
                  | Draconian growth]
  6744 | D:5      | Found a shadowy altar of Dithmenos.
  6868 | D:5      | Found Efru's Assorted Antiques.
  6876 | D:5      | Bought a potion of curing for 72 gold pieces
  7016 | D:5      | Reached skill level 7 in Conjurations
  7895 | D:6      | Reached XP level 8. HP: 67/67 MP: 4/14
  8369 | D:6      | Found a shimmering altar of Xom.
  8412 | D:6      | Found an iron altar of Okawaru.
  9008 | D:6      | Reached skill level 8 in Conjurations
  9040 | D:6      | Reached skill level 5 in Fighting
  9087 | D:6      | Noticed Edmund
  9140 | D:6      | Killed Edmund
  9372 | D:6      | Reached skill level 5 in Spellcasting
 10220 | D:7      | Reached XP level 9. HP: 75/75 MP: 9/17
 10330 | D:7      | Reached skill level 9 in Conjurations
 11508 | D:7      | Found a staircase to the Ecumenical Temple.
 11517 | Temple   | Entered the Ecumenical Temple
 11673 | Temple   | Became a worshipper of Vehumet
 11904 | D:8      | Reached skill level 10 in Conjurations
 12628 | D:7      | Reached XP level 10. HP: 72/86 MP: 5/19
 12629 | D:7      | Reached * piety under Vehumet
 12629 | D:7      | Offered knowledge of Sandblast by Vehumet.
 13352 | D:8      | Reached skill level 11 in Conjurations
 13436 | D:8      | Found the +4 robe of Augmentation {Str+4 Int+4 Dex+4}
 13509 | D:8      | Found a staircase to the Lair.
 14116 | D:9      | Found a staircase to the Orcish Mines.
 14320 | D:9      | Noticed a two-headed ogre
 14336 | D:9      | Slain by a two-headed ogre

Levels and vault maps discovered:
D:1:      matt_arrival_los_fun, layout_basic, due_unseen_surprise
D:2:      layout_basic, uniq_natasha, uniq_robin, uniq_jessica,
          uniq_crazy_yiuf_cottage
D:3:      layout_basic, nicolae_overflow_crystal_walls,
          nicolae_overflow_hidden_temple, uniq_sigmund
D:4:      layout_cave_pools, gup_sewer_entry_pipe
D:5:      layout_basic, first_ration, serial_shops, nicolae_shop_statue_plus,
          nicolae_dithmenos_through_a_glass_darkly
D:6:      old_forge, layout_basic, kennysheep_mini, xom_teletrap_fun,
          nemelex_xobeh_ov_fountains_minmay, minmay_misc_feat_rows, uniq_edmund
D:7:      layout_rooms, minmay_temple_entry_poolview
D:8:      layout_cave_pools, minmay_lair_entry_grove, the_bakery,
          minmay_misc_feat_nine_boxes, minmay_misc_feat_enclosed
D:9:      layout_loops_ring, grunt_gozag_statues, orc_0_dummy, uniq_pikel
Temple:   eino_temple_scatter_basement

Skill      XL: |  1  2  3  4  5  6  7  8  9 10 |
---------------+-------------------------------+-----
Fighting       | 1 2 3 4 5 7 8 |  8.0
Conjurations   | 5 6 7 8 10 11 | 11.3
Spellcasting   | 3 4 5 6 7 |  7.2
Shields        | 1 3 4 |  4.0
Dodging        | |  1.7
Stealth        | |  1.7

Action                   |  1- 3 |  4- 6 |  7- 9 | 10-12 || total
-------------------------+-------+-------+-------+-------++-------
Melee: Short sword       |    27 |    53 |     4 |       ||    84
       Unarmed           |     6 |       |       |       ||     6
       Tailslap          |     2 |    10 |     2 |       ||    14
 Fire: Hunting sling     |       |    21 |    59 |       ||    80
 Cast: Magic Dart        |    73 |   192 |   393 |   155 ||   813
       Searing Ray       |     3 |     7 |    15 |    11 ||    36
       Iskenderun's Myst |       |       |       |     2 ||     2
 Abil: Breathe Frost     |       |       |     5 |     2 ||     7
Evoke: Wand              |       |       |     2 |       ||     2
  Use: Scroll            |       |    12 |     4 |     1 ||    17
  Eat: Chunk             |     3 |    17 |    12 |     4 ||    36
       Ration            |       |       |     2 |     1 ||     3
Armor: Skin              |    12 |    22 |   100 |    34 ||   168
Dodge: Dodged            |    39 |    49 |   157 |    56 ||   301
Block: Buckler           |       |     4 |    95 |    19 ||   118
